 Dungeon Crawl Stone Soup version 0.30-a0-737-gf23d94013f (webtiles) character file.

Game seed: 5585129236187878634

100 pascalblue the Trooper (level 4, 0/41 HPs)
             Began as a Hill Orc Fighter on Feb 2, 2023.
             Was a Follower of Uskayaw.
             Slain by Grinder (3 damage)
             ... on level 3 of the Dungeon.
             The game lasted 00:04:15 (1698 turns).

pascalblue the Trooper (Hill Orc Fighter)           Turns: 1698, Time: 00:04:16

Health: 0/41       AC:  7    Str: 20    XL:     4   Next: 73%
Magic:  4/4        EV:  8    Int:  8    God:    Uskayaw [*.....]
Gold:   144        SH:  8    Dex: 10    Spells: 3/3 levels left

rFire   . . .      SeeInvis .    a - +0 war axe
rCold   . . .      Faith    .    o - +0 kite shield
rNeg    . . .      Spirit   .    b - +0 scale mail
rPois   .          Reflect  .    (no helmet)
rElec   .          Harm     .    (no cloak)
rCorr   .          Rampage  .    (no gloves)
Will    .....                    (no boots) Stlth
                                 (no amulet)
HPRegen 0.26/turn                (no ring)
MPRegen 0.09/turn                (no ring)

@: no status effects
A: no striking features
a: Renounce Religion, Stomp


You were on level 3 of the Dungeon.
You worshipped Uskayaw.
Uskayaw was noncommittal.
You visited 1 branch of the dungeon, and saw 3 of its levels.

You collected 144 gold pieces.

Inventory:

Hand Weapons
 a - a +0 war axe (weapon)
Missiles
 q - 13 poisoned darts (quivered)
Armour
 b - a +0 scale mail (worn)
 c - a +0 buckler
 o - a +0 kite shield (worn)
Scrolls
 f - a scroll of identify {unknown}
 h - 2 scrolls of noise {unknown}
 i - a scroll of poison {unknown}
 k - a scroll of teleportation {unknown}
 l - a scroll of torment {unknown}
 m - 2 scrolls of amnesia {unknown}
 n - a scroll of blinking {unknown}
 r - a scroll of brand weapon {unknown}
Potions
 d - 2 potions of might
 e - a potion of haste {unknown}
 g - 4 potions of curing {unknown}
 j - a potion of berserk rage {unknown}
 p - a potion of lignification {unknown}


   Skills:
 + Level 4.5 Fighting
 + Level 3.9 Axes
 + Level 4.0 Armour
 + Level 4.1 Shields


You had 3 spell levels left.
You didn't know any spells.
Your spell library contained the following spells:

 Spells                   Type           Power      Damage    Failure   Level
 Ensorcelled Hibernation  Hex/Ice        0%         N/A       99%         2
 Passwall                 Tmut/Erth      0%         N/A       99%         2
 Scorch                   Fire           0%         2d5       99%         2
 Stone Arrow              Conj/Erth      0%         3d7       100%        3
 Swiftness                Air            0%         N/A       100%        3
 Animate Armour           Summ/Erth      0%         N/A       100%        4
 Flame Wave               Conj/Fire      0%         2d4       100%        4
 Summon Cactus Giant      Summ           0%         N/A       100%        6
 Lehudib's Crystal Spear  Conj/Erth      0%         10d2      100%        8


Dungeon Overview and Level Annotations

Branches:
Dungeon (3/15)

Altars:
Uskayaw

Annotations:
D:3 Grinder


Message History

Grinder says, "DUCK!"
You hit Grinder but do no damage. You block Grinder's attack.
Grinder gestures at you.
You suddenly lose the ability to move!
Grinder gestures at you. You resist with significant effort.
Grinder hits you but does no damage. x2
You can move again.
You hit Grinder but do no damage. Grinder hits you but does no damage.
You slash Grinder!
Grinder is lightly wounded.
You block Grinder's attack. Grinder hits you but does no damage.
You barely miss Grinder.
Grinder is lightly wounded.
Grinder says, "Wait up."
Grinder gestures at you.
You suddenly lose the ability to move!
Grinder hits you.
You writhe in agony.
Grinder hits you but does no damage.
You can move again.
You closely miss Grinder.
Grinder is lightly wounded.
Grinder says, "You look like you could use a good racking."
Grinder gestures at you.
You barely resist. You closely miss Grinder.
Grinder is lightly wounded.
Grinder hits you.
You writhe in agony.
Grinder hits you but does no damage.
You closely miss Grinder.
Grinder is lightly wounded.
Grinder hits you!
* * * LOW HITPOINT WARNING * * *
You writhe in agony.
* * * LOW HITPOINT WARNING * * *
You barely miss Grinder.
Grinder is lightly wounded.
You block Grinder's attack. Grinder hits you.
* * * LOW HITPOINT WARNING * * *
You writhe in agony.
You die...

####### ###
#.)...#
#...####.....#
#.5@)......#
#...####.....#
##. #.....# #
###.### #.#
#.# #.# #.#
####.#


You could see Grinder.

Vanquished Creatures
  A hound (D:3)
  2 adders (D:2)
  2 dart slugs
  3 endoplasms
  5 giant cockroaches
  6 goblins
  6 hobgoblins
  4 kobolds
  2 quokkas (D:1)
  5 ball pythons
  A bat (D:2)
  4 frilled lizards
  2 rats
43 creatures vanquished.

Notes
Turn   | Place    | Note
-------+----------+-------------------------------------------
     0 | D:1      | pascalblue the Hill Orc Fighter began the quest for the
                  | Orb.
     0 | D:1      | Reached XP level 1. HP: 19/19 MP: 1/1
   117 | D:1      | Found a faded altar of an unknown god.
   124 | D:1      | Prayed at the altar of an unknown god.
   124 | D:1      | Became a worshipper of Uskayaw the Reveller
   124 | D:1      | Reached * piety under Uskayaw
   169 | D:1      | Reached ** piety under Uskayaw
   195 | D:1      | Reached XP level 2. HP: 27/27 MP: 2/2
   546 | D:1      | Reached XP level 3. HP: 28/33 MP: 3/3
  1388 | D:2      | Reached XP level 4. HP: 41/41 MP: 4/4
  1670 | D:3      | Noticed Grinder
  1686 | D:3      | Paralysed by Grinder for 4 turns
  1692 | D:3      | Paralysed by Grinder for 3 turns
  1698 | D:3      | Slain by Grinder

Illustrated notes

Levels and vault maps discovered:
D:1:      nicolae_arrival_memento_mori, layout_basic,
          chequers_ecumenical_altar_simple_redux
D:2:      layout_basic
D:3:      layout_loops_cross, gammafunk_ghost_arena, minmay_joined_circles,
          uniq_grinder, uniq_jessica, uniq_sigmund

Skill      XL: |  1  2  3  4 |
---------------+-------------+-----
Axes           | 3 |  3.9
Fighting       | 4 |  4.5
Armour         | 4 |  4.0
Shields        | 4 |  4.1

Action                     |  1- 3 |  4- 6 || total
---------------------------+-------+-------++-------
  Melee: War axe           |   116 |    28 ||   144
 Armour: Scale mail        |    47 |    17 ||    64
  Dodge: Dodged            |    47 |     6 ||    53
  Block: Buckler           |    16 |       ||    16
         Kite shield       |    19 |    15 ||    34

Table legend: (Time is in decaauts)
 A = Elapsed time spent in this place.
 B = Non-inter-level travel time spent in this place.
 C = Inter-level travel time spent in this place.
 D = Time resting spent in this place.
 E = Time spent auto-exploring this place.
 F = Levels seen in this place.
 G = Mean time per level.
                   A        B        C        D        E       F      G
               +--------+--------+--------+--------+--------+-----+--------+
         Total |   1758 |   1690 |     68 |      0 |   1157 |   3 |  586.0 |
       Dungeon |   1758 |   1690 |     68 |      0 |   1157 |   3 |  586.0 |
               +--------+--------+--------+--------+--------+-----+--------+

Top non-repeatable levels by time:
     D:2: 940 daAuts
     D:1: 676 daAuts
     D:3: 141 daAuts
